 Dungeon Crawl Stone Soup version 0.30.1-11-g7821555f0a (webtiles) character file.

Game seed: 13556041527987518537

391 hawla the Magician (level 6, 0/49 HPs)
             Began as a Deep Elf Fire Elementalist on Jan 12, 2024.
             Succumbed to an orc wizard's poison
             ... on level 4 of the Dungeon.
             The game lasted 00:08:50 (2483 turns).

hawla the Magician (Deep Elf Fire Elementalist)     Turns: 2483, Time: 00:08:51

Health: 0/49       AC: 23    Str:  5    XL:     6   Next: 50%
Magic:  9/15       EV:  2    Int: 22    God:
Gold:   214        SH:  0    Dex: 15    Spells: 12/15 levels left

rFire   + + .        m - +0 long sword
rCold   + . .        (no shield)
rNeg    . . .        a - melded +1 robe
rPois   +            e - melded +0 helmet
rElec   +            (cloak currently unavailable)
rCorr   +            (gloves currently unavailable)
SInv    +            (boots currently unavailable)
Will    .....        (no amulet)
Stlth   ++           h - ring of protection from fire
HPRegen 0.28/turn    n - ring of see invisible
MPRegen 0.14/turn

%: no passive effects
@: lethally poisoned (0 -> -2), tree-form, resistant, attractive
A: stationary, stasis, torment immunity, boosted hp, (hooves 2)
a: no special abilities


You were on level 4 of the Dungeon.
You were a tree.
You visited 1 branch of the dungeon, and saw 6 of its levels.

You collected 214 gold pieces.

Inventory:

Hand Weapons
 m - a +0 long sword (weapon)
 r - the +8 dagger "Vuihung" {holy, Dex+2}
   (You found it on level 2 of the Dungeon)

   Dex:       It affects your dexterity (+2).
Armour
 a - a +1 robe (melded)
 e - a +0 helmet (melded)
Jewellery
 h - a ring of protection from fire (left branch)
 n - a ring of see invisible (right branch)
Scrolls
 d - a scroll of identify
 g - a scroll of magic mapping
 o - a scroll of poison {unknown}
Potions
 f - a potion of brilliance


   Skills:
 + Level 0.6 Fighting
 + Level 0.9(1.0) Short Blades
 + Level 0.2(0.5) Long Blades
 + Level 3.5 Dodging
 + Level 3.5 Stealth
 + Level 5.3 Spellcasting
 + Level 3.0 Conjurations
 + Level 5.2 Fire Magic


You had 12 spell levels left.
You knew the following spells:

 Your Spells              Type           Power      Damage    Failure   Level
a - Foxfire               Conj/Fire      92%        2x1d8     1%          1
b - Scorch                Fire           56%        2d7       1%          2

Your spell library contained the following spells:

 Spells                   Type           Power      Damage    Failure   Level
 Inner Flame              Hex/Fire       17%        N/A       10%         3
 Volatile Blastmotes      Fire/Tloc      34%        2d12      10%         3
 Flame Wave               Conj/Fire      23%        2d8       19%         4


Dungeon Overview and Level Annotations

Branches:
Dungeon (6/15)
 Temple: D:4-7

Altars:
Cheibriados
Kikubaaqudgha


Innate Abilities, Weirdness & Mutations

You are a tree.
Your roots penetrate the ground, keeping you stationary.
You cannot be teleported.
You are immune to unholy pain and torment.
Your maximum health is greatly increased.
Your equipment is partially melded.
((You have hoof-like feet.))


Message History

Confirm with . or Enter, or press ? or * to list all spells.
Flames lash the orc.
The orc is heavily wounded.
The orc's fire resistance burns away.
You feel very sick.
The orc priest calls down the wrath of Beogh upon you.
Beogh smites you!
* * * LOW HITPOINT WARNING * * *
Casting: Scorch (safe; 1% risk of failure)
Confirm with . or Enter, or press ? or * to list all spells.
You don't know that spell.
* * * LOW HITPOINT WARNING * * *
You feel very sick.
The orc throws a stone.
The stone closely misses you.
Saving game... please wait.
Welcome back, hawla the Deep Elf Fire Elementalist.
Press ? for a list of commands and other information.
Welcome back, hawla the Deep Elf Fire Elementalist.
Press ? for a list of commands and other information.
It was a potion of attraction.
You feel attractive to monsters.
* * * LOW HITPOINT WARNING * * *
You feel sick.
The orc priest miscasts a cantrip.
* * * LOW HITPOINT WARNING * * *
You feel sick.
It was a potion of lignification.
You turn into a tree.
Your +0 helmet melds into your body.
Your +1 robe melds into your body.
Your roots penetrate the ground.
* * * LOW HITPOINT WARNING * * *
You feel sick. The orc priest barely misses you.
The orc is attracted toward you.
It was a potion of mutation.
You feel extremely strange.
Your feet thicken and deform. x2
* * * LOW HITPOINT WARNING * * *
You feel sick.
The orc priest hits you but does no damage.
It was a potion of resistance.
You feel protected.
You die...

.##.......)........,,,* *,** *
.#..#....[)......##**,# **,,**
....#.###....#....#,,.# *,,*,***
#......##...##...#**..##**,***,,*
#...#.........[..###....,,** **,,
....##)..............#.#*,** **,
....#.....#....o......#,,*,** **,
..#..#.^.###.§.o#....##,,,,,***,,
...#.........[.#♣.....#**,,,**,,*
..*#.........#o##..#.#..,,,,,,,,*
#,..........)#..#...#...,,,,,*,,*
,..................#..##,,,****,,
,....#................#,*,,,* *,,
,*,,,.....#..#..........*,*,* *,,
,,,,,........#......<.,.,,,****,,
,,,,,.#...............#*,,*,**,,,
,*,,,,.............#..,,,*,,**,,,


You could see an orc priest and an orc.

Vanquished Creatures
  Menkaure (D:4)
  A hound (D:5)
  A jelly (D:4)
  An orc priest (D:4)
  3 orc wizards
  4 adders
  2 dart slugs
  7 orcs
  3 bats
  9 endoplasms
  6 goblins
  2 hobgoblins (D:2)
  2 quokkas
  6 ball pythons
  4 frilled lizards (D:1)
  A giant cockroach zombie (D:3)
  7 kobolds
  3 rats
63 creatures vanquished.

Vanquished Creatures (others)
  148 foxfires
148 creatures vanquished.

Grand Total: 211 creatures vanquished

Notes
Turn   | Place    | Note
-------+----------+-------------------------------------------
     0 | D:1      | hawla the Deep Elf Fire Elementalist began the quest for
                  | the Orb.
     0 | D:1      | Reached XP level 1. HP: 10/10 MP: 6/6
   211 | D:1      | Reached XP level 2. HP: 15/15 MP: 4/8
   707 | D:1      | Reached XP level 3. HP: 19/19 MP: 8/10
   710 | D:1      | Learned a level 2 spell: Scorch
   879 | D:2      | Found a faded altar of an unknown god.
  1240 | D:2      | Reached XP level 4. HP: 9/24 MP: 4/11
  1243 | D:2      | HP: 1/24 [orc/+0 dagger (3)]
  1788 | D:2      | Identified the +8 dagger "Vuihung" {holy, Dex+2}
  2075 | D:3      | Found a snail-covered altar of Cheibriados.
  2189 | D:3      | You fall into a shaft and drop 3 floors!
  2216 | D:6      | Found an ancient bone altar of Kikubaaqudgha.
  2253 | D:6      | Noticed a scorpion
  2265 | D:5      | Entered Level 5 of the Dungeon
  2269 | D:5      | Reached XP level 5. HP: 14/28 MP: 6/13
  2409 | D:4      | Noticed Menkaure
  2415 | D:4      | Killed Menkaure
  2416 | D:4      | Reached skill level 5 in Spellcasting
  2416 | D:4      | Reached skill level 5 in Fire Magic
  2416 | D:4      | Reached XP level 6. HP: 33/33 MP: 4/15
  2481 | D:4      | HP: 2/49 [poisoned by an orc wizard]
  2482 | D:4      | Gained mutation: You have large cloven feet. [potion of
                  | mutation]
  2482 | D:4      | Gained mutation: You have hoof-like feet. [potion of
                  | mutation]
  2483 | D:4      | Succumbed to an orc wizard's poison

Illustrated notes

Levels and vault maps discovered:
D:1:      dpeg_arrival_snail, layout_basic, hangedman_decor_opposing,
          kennysheep_doodads, minivault_24, interstate_on_off
D:2:      layout_basic, nicolae_ecumenical_pavilion
D:3:      layout_basic, mainiacjoe_overflow_24_doors, jmf_multi_god_temple,
          serial_undead, serial_undead_e, serial_undead_a, serial_undead_f,
          serial_undead_d
D:4:      layout_layer_cave, amethyst_overflow_temple_binary,
          kennysheep_small_square, uniq_edmund, uniq_menkaure,
          uniq_blork_the_orc
D:5:      layout_rooms, lemuel_tele_altar, minmay_temple_entry_purple_smoke,
          chequers_decorated_corner
D:6:      layout_rooms, mainiacjoe_overflow_boulevard,
          mainiacjoe_overflow_brackets, minmay_tree_intersection

Skill      XL: |  1  2  3  4  5  6 |
---------------+-------------------+-----
Fire Magic     | 4 5 |  5.2
Stealth        | 3 |  3.5
Conjurations   | 2 3 |  3.0
Spellcasting   | 4 5 |  5.3
Dodging        | 3 |  3.5
Fighting       | |  0.6
Short Blades   | |  0.9
Long Blades    | |  0.2

Action                     |  1- 3 |  4- 6 || total
---------------------------+-------+-------++-------
  Melee: Unarmed           |    10 |     2 ||    12
         Punch             |     1 |       ||     1
         Dagger            |       |    10 ||    10
         Long sword        |       |    15 ||    15
   Cast: Foxfire           |    51 |    36 ||    87
         Scorch            |       |    10 ||    10
    Use: Scroll            |     2 |    11 ||    13
         Potion            |       |     8 ||     8
 Armour: Robe              |     9 |    17 ||    26
         Skin              |       |     1 ||     1
  Dodge: Dodged            |    15 |    42 ||    57
